[Event "Titled Tuesday Blitz March 22 Early 2022"]
[White "Seo, Jung Min"]
[Black "Bodnaruk, Anastasia"]
[WhiteFideId "1734687"]
[BlackFideId "4181751"]
[WhiteElo "2401"]
[BlackElo "2393"]
[Result "0-1"]
[Round "06"]
[TimeControl "180+1"]
[Date "2022.03.22"]
[WhiteClock "0:00:33"]
[BlackClock "0:00:20"]

1. d4 Nf6 2. c4 g6 3. Nc3 Bg7 4. e4 d6 5. f3 O-O 6. Be3 c5 7. Nge2 Nc6 8. Qd2 Qa5 9. d5 Ne5 10. Nc1 a6 11. Nb3 Qb4 12. Qe2 Bd7 13. Bd2 Qb6 14. h3 e6 15. f4 Nxc4 16. Qxc4 exd5 17. exd5 Rfe8+ 18. Kd1 Nh5 19. g4 Ng3 20. Rg1 Nxf1 21. Rxf1 Bb5 22. Nxb5 axb5 23. Qc2 c4 24. Nc1 Qd4 25. Rb1 Qxd5 26. Ne2 Qg2 27. Re1 Qf3 28. Bc3 Re3 29. Bxg7 Kxg7 30. b3 c3 31. b4 Rd3+ 32. Kc1 Qe3+ 0-1


[Site "https://www.chess.com"]

[Event "Titled Tuesday Blitz March 22 Early 2022"]
[White "Shandrygin, Nikita"]
[Black "Dilanyan, Grigor"]
[WhiteFideId "24198668"]
[BlackFideId "13303570"]
[WhiteElo "2324"]
[BlackElo "2279"]
[Result "0-1"]
[Round "06"]
[TimeControl "180+1"]
[Date "2022.03.22"]
[WhiteClock "0:00:05"]
[BlackClock "0:00:19"]

1. Nf3 g6 2. g3 Bg7 3. Bg2 e5 4. O-O Ne7 5. d4 exd4 6. Nxd4 O-O 7. Nb3 Nbc6 8. Nc3 d5 9. Nxd5 Nxd5 10. Qxd5 Qe7 11. Qc5 Qxe2 12. c3 Re8 13. Bf4 Bg4 14. h3 Bf3 15. Bxf3 Qxf3 16. Rfe1 h5 17. h4 Bf6 18. Bxc7 Rac8 19. Qd6 Be5 20. Qd7 Ra8 21. Nd4 Qg4 22. Qxg4 hxg4 23. Nxc6 Bxc7 24. Ne7+ Kg7 25. Nd5 Bd6 26. Kg2 a5 27. Rad1 Bc5 28. h5 Rxe1 29. Rxe1 Rd8 30. c4 b5 31. b3 bxc4 32. bxc4 Rb8 33. hxg6 Rb2 34. Ne3 f5 35. Nxf5+ Kxg6 36. Ne3 Rxa2 37. Nxg4 a4 38. Re6+ Kf7 39. Re5 Bd4 40. Rd5 Rd2 41. Ra5 Ra2 42. Kf3 a3 43. Ke4 Bb6 44. Ra6 Bc5 45. Ne5+ Kg8 46. f4 Re2+ 47. Kd5 Bb4 48. f5 a2 49. f6 Bc3 50. Ra8+ Kh7 51. f7 Rxe5+ 52. Kd6 Rf5 53. Ke6 Rf6+ 54. Ke7 Rf2 55. f8=Q Bb4+ 56. Ke6 Bxf8 57. Kd5 Bg7 58. c5 a1=Q 0-1


[Site "https://www.chess.com"]

[Event "Titled Tuesday Blitz March 22 Early 2022"]
[White "Shohat, Yotam"]
[Black "Borodavkin, Anatoly"]
[WhiteFideId "2813955"]
[BlackFideId "14150662"]
[WhiteElo "2119"]
[BlackElo "1845"]
[Result "1-0"]
[Round "06"]
[TimeControl "180+1"]
[Date "2022.03.22"]
[WhiteClock "0:00:03"]
[BlackClock "0:00:01"]

1. e4 e5 2. f4 exf4 3. Bc4 Qh4+ 4. Kf1 Nc6 5. d4 g5 6. Nf3 Qh5 7. Nc3 Bg7 8. Nd5 Kd8 9. c3 d6 10. h4 Bg4 11. Kf2 Bxf3 12. gxf3 gxh4 13. Nxf4 Qa5 14. b4 Qb6 15. Nd5 Bxd4+ 16. Kf1 Bxc3 17. Nxb6 axb6 18. Rb1 Nge7 19. Bb2 Bxb2 20. Rxb2 Ne5 21. Be2 N7g6 22. Qd2 Ra3 23. f4 Nc6 24. Rb3 Ra4 25. b5 Na5 26. Re3 Nxf4 27. Rxh4 Ne6 28. Bg4 Nc4 29. Qc3 Nxe3+ 30. Qxe3 Rg8 31. Bxe6 fxe6 32. Rxh7 Rxa2 33. Qh6 Rag2 34. Qf6+ Kc8 35. Rh8 Rg1+ 36. Kf2 Rg2+ 37. Kf3 Rg3+ 38. Kf2 Rg2+ 39. Ke3 Rg3+ 40. Kd4 Rxh8 41. Qxh8+ Kd7 42. Qh7+ Kc8 43. Qe7 Rg6 44. Qe8# 1-0


[Site "https://www.chess.com"]

[Event "Titled Tuesday Blitz March 22 Early 2022"]
[White "Shtyka, Sergey"]
[Black "Oganian, Miran"]
[WhiteFideId "4138465"]
[BlackFideId "4122488"]
[WhiteElo "2014"]
[BlackElo "2357"]
[Result "0-1"]
[Round "06"]
[TimeControl "180+1"]
[Date "2022.03.22"]
[WhiteClock "0:01:35"]
[BlackClock "0:01:44"]

1. e4 e6 2. Nf3 d5 3. e5 c5 4. b4 cxb4 5. a3 Nc6 6. axb4 Bxb4 7. c3 Be7 8. d4 Bd7 9. Bd3 a6 10. O-O Rc8 11. Re1 Qc7 12. Na3 Na5 13. Bd2 Nh6 14. Nc2 Nb3 15. Bxh6 Nxa1 16. Bxg7 Rg8 17. Bf6 Nxc2 18. Bxc2 Bxf6 19. exf6 Qxc3 20. Bxh7 Rh8 21. Bb1 Rh6 22. Ne5 Rxf6 23. Rf1 Bb5 24. Qh5 Bxf1 25. Qh8+ Ke7 0-1


[Site "https://www.chess.com"]

[Event "Titled Tuesday Blitz March 22 Early 2022"]
[White "Shuvalova, Polina"]
[Black "Aravindh, Chithambaram VR."]
[WhiteFideId "24171760"]
[BlackFideId "5072786"]
[WhiteElo "2355"]
[BlackElo "2561"]
[Result "0-1"]
[Round "06"]
[TimeControl "180+1"]
[Date "2022.03.22"]
[WhiteClock "0:00:02"]
[BlackClock "0:00:40"]

1. d4 g6 2. c4 Bg7 3. Nf3 d6 4. Nc3 Nf6 5. Bg5 O-O 6. e3 Nbd7 7. Be2 b6 8. Qc2 Bb7 9. Rd1 a6 10. O-O Qe8 11. Rfe1 h6 12. Bh4 g5 13. Bg3 e6 14. a4 Qe7 15. a5 bxa5 16. Nd2 c5 17. dxc5 Nxc5 18. Nb3 Rfd8 19. Nxa5 Rac8 20. Nxb7 Nxb7 21. h4 Nd7 22. hxg5 hxg5 23. Qb1 Ne5 24. Qa2 a5 25. Nb5 Nc5 26. Qxa5 Nc6 27. Qb6 Na4 28. Qa6 Nc5 29. Qb6 Ne4 30. Bh2 Ne5 31. b3 g4 32. Bxe5 Bxe5 33. Bxg4 Qh4 34. f4 Qf2+ 35. Kh2 Bxf4+ 36. exf4 Qxb6 37. Rxe4 f5 38. Rxe6 fxg4 39. Rd5 Rd7 40. Rg5+ Rg7 41. Rxd6 Qf2 42. Rf5 Rh7+ 0-1


[Site "https://www.chess.com"]

[Event "Titled Tuesday Blitz March 22 Early 2022"]
[White "Smirnov, Pavel"]
[Black "Danilenko, Dmitriy"]
[WhiteFideId "4123425"]
[BlackFideId "14120844"]
[WhiteElo "2545"]
[BlackElo "2606"]
[Result "1-0"]
[Round "06"]
[TimeControl "180+1"]
[Date "2022.03.22"]
[WhiteClock "0:00:17"]
[BlackClock "0:00:28"]

1. d4 f5 2. g3 Nf6 3. Bg2 g6 4. Nf3 Bg7 5. O-O O-O 6. c4 d6 7. Nc3 Qe8 8. b3 e5 9. dxe5 dxe5 10. e4 f4 11. Ba3 Rf7 12. gxf4 Nh5 13. fxe5 Nc6 14. Nd5 h6 15. Bb2 Nf4 16. Nf6+ Bxf6 17. exf6 Nxg2 18. Kxg2 Qxe4 19. Re1 Qg4+ 20. Kh1 Bf5 21. Nd4 Rxf6 22. Nxf5 Qxd1 23. Nxh6+ Kh7 24. Raxd1 Rxf2 25. Bc1 g5 26. Bxg5 Rxa2 27. h4 Kg6 28. Re6+ Kh5 29. Rd5 Nb4 30. Rf5 Ra6 31. Bd8# 1-0


[Site "https://www.chess.com"]

[Event "Titled Tuesday Blitz March 22 Early 2022"]
[White "Stanisz, Patryk"]
[Black "Tiarks, Jann-Christian"]
[WhiteFideId "1123106"]
[BlackFideId "12951595"]
[WhiteElo "1876"]
[BlackElo "2176"]
[Result "0-1"]
[Round "06"]
[TimeControl "180+1"]
[Date "2022.03.22"]
[WhiteClock "0:00:09"]
[BlackClock "0:00:05"]

1. c4 Nf6 2. g3 e6 3. Nf3 d5 4. Bg2 Be7 5. O-O O-O 6. d4 b6 7. Nc3 Bb7 8. Ne5 Nbd7 9. cxd5 Nxd5 10. Nxd7 Qxd7 11. e4 Nxc3 12. bxc3 Rfd8 13. Qh5 c5 14. Be3 cxd4 15. cxd4 Rac8 16. Rad1 Qa4 17. Rd2 Bb4 18. Qd1 Qa3 19. Rc2 Rxc2 20. Qxc2 Rc8 21. Qb1 h6 22. Rc1 Rxc1+ 23. Bxc1 Qc3 24. Be3 Be7 25. h4 Bf6 26. Qb5 Bc6 27. Qa6 Be8 28. d5 exd5 29. exd5 Bd4 30. Bxd4 Qxd4 31. Qc8 Qd1+ 32. Kh2 Kf8 33. Qc7 Qd2 34. Qd6+ Kg8 35. Qe7 Bb5 36. d6 g6 37. h5 gxh5 38. a4 Bxa4 39. Kg1 Qc1+ 40. Kh2 Qd2 41. Kg1 Qd3 42. Kh2 a5 43. Be4 Qb5 44. Qd8+ Kg7 45. Qe7 Qg5 46. Kg2 Qxe7 47. dxe7 Kf6 48. Bc2 Be8 49. Bd1 Kxe7 50. Bxh5 b5 51. Bd1 b4 52. Kf3 a4 53. Bxa4 Bxa4 54. Ke3 Bb5 55. Kd2 Kf6 56. Kc2 Bc4 57. Kb2 Kf5 58. Kc2 Kg4 0-1


[Site "https://www.chess.com"]

[Event "Titled Tuesday Blitz March 22 Early 2022"]
[White "Suarez Uriel, Adrian"]
[Black "Begunov, Konstantin"]
[WhiteFideId "22230874"]
[BlackFideId "4118510"]
[WhiteElo "2316"]
[BlackElo "2262"]
[Result "1-0"]
[Round "06"]
[TimeControl "180+1"]
[Date "2022.03.22"]
[WhiteClock "0:01:06"]
[BlackClock "0:00:06"]

1. d4 d5 2. Nf3 c6 3. c4 Nf6 4. Nc3 dxc4 5. Ne5 b5 6. a4 b4 7. Nb1 Ba6 8. e3 e6 9. Nxc4 c5 10. Qf3 Qd5 11. Qxd5 exd5 12. Ne5 Bxf1 13. Kxf1 c4 14. Ke2 Nbd7 15. f4 Ne4 16. Nd2 Ndf6 17. g4 Nxd2 18. Bxd2 a5 19. h4 Bd6 20. Nf3 Nxg4 21. h5 Nf6 22. h6 g6 23. Be1 Ne4 24. Bh4 Kd7 25. Rhg1 Rae8 26. Raf1 Re6 27. Ne5+ Bxe5 28. fxe5 Rf8 29. Rf4 c3 30. b3 f5 31. exf6 Nd6 32. Kd3 Nf5 33. Rxf5 gxf5 34. Rg7+ Kd6 35. Rxh7 Rfxf6 36. Bxf6 Rxf6 37. Ra7 Rf8 38. Rxa5 f4 39. exf4 Rxf4 40. Ra6+ Kd7 41. h7 Rf3+ 42. Ke2 Rh3 43. Rb6 Kc7 44. Rxb4 Rxh7 45. Rb5 Kd6 46. Rc5 Rh4 47. Kd3 Rh3+ 48. Kc2 Rh4 49. Kxc3 Rh3+ 50. Kb4 Rd3 51. Rc1 Rxd4+ 52. Kb5 Rd2 53. a5 d4 54. a6 Ra2 55. b4 d3 56. Rd1 d2 57. Kb6 Kd5 58. b5 Kc4 59. a7 Kb4 60. Rxd2 Rxd2 61. a8=Q Rd6+ 62. Qc6 1-0


[Site "https://www.chess.com"]

[Event "Titled Tuesday Blitz March 22 Early 2022"]
[White "Svane, Rasmus"]
[Black "Gaehwiler, Gabriel"]
[WhiteFideId "4657101"]
[BlackFideId "1314530"]
[WhiteElo "2645"]
[BlackElo "2383"]
[Result "1-0"]
[Round "06"]
[TimeControl "180+1"]
[Date "2022.03.22"]
[WhiteClock "0:00:11"]
[BlackClock "0:00:02"]

1. Nf3 Nf6 2. g3 b6 3. Bg2 Bb7 4. O-O g6 5. d4 Bg7 6. c4 O-O 7. Re1 a5 8. Bf4 Qc8 9. Nc3 Ne4 10. Nd5 Bxd5 11. cxd5 c5 12. dxc6 Nxc6 13. Rc1 Qa6 14. Ne5 Bxe5 15. Bxe5 f5 16. Qb3+ Rf7 17. Qe3 Raf8 18. Bf4 Nb4 19. Bxe4 fxe4 20. Qxe4 Nxa2 21. Rc7 Qb5 22. Qb7 Qxb2 23. Rxd7 Nc3 24. Kf1 Qb3 25. Rxe7 Qd5 26. Rxf7 Rxf7 27. Qxd5 Nxd5 28. Be5 a4 29. e4 Nc3 30. d5 Nb5 31. Rb1 1-0


[Site "https://www.chess.com"]

[Event "Titled Tuesday Blitz March 22 Early 2022"]
[White "Tari, Aryan"]
[Black "Kobalia, Mikhail"]
[WhiteFideId "1510045"]
[BlackFideId "4119150"]
[WhiteElo "2567"]
[BlackElo "2667"]
[Result "0-1"]
[Round "06"]
[TimeControl "180+1"]
[Date "2022.03.22"]
[WhiteClock "0:01:16"]
[BlackClock "0:01:31"]

1. e4 c6 2. d4 d5 3. exd5 cxd5 4. Bd3 Nc6 5. c3 Nf6 6. h3 g6 7. Nf3 Bf5 8. Be2 h6 9. Bf4 e6 10. O-O g5 11. Bh2 Bd6 12. Re1 g4 13. Nh4 Bxb1 14. Rxb1 gxh3 15. Bxd6 Qxd6 16. g3 Ne4 17. Bd3 Nxg3 18. Qg4 h2+ 19. Kxh2 Ne4+ 20. f4 h5 21. Qf3 Nd2 22. Qe3 Nxb1 23. Bxb1 O-O-O 24. Nf3 Rhg8 25. Ng5 Rxg5 0-1


[Site "https://www.chess.com"]

[Event "Titled Tuesday Blitz March 22 Early 2022"]
[White "Tay, Junior"]
[Black "Kozak, Antoni"]
[WhiteFideId "5800439"]
[BlackFideId "21832030"]
[WhiteElo "2216"]
[BlackElo "2236"]
[Result "0-1"]
[Round "06"]
[TimeControl "180+1"]
[Date "2022.03.22"]
[WhiteClock "0:00:13"]
[BlackClock "0:00:05"]

1. e4 c5 2. Nf3 d6 3. d4 cxd4 4. Nxd4 Nf6 5. Nc3 a6 6. f4 e5 7. Nf3 Nc6 8. Bd3 Be7 9. O-O O-O 10. Kh1 b5 11. a3 Bb7 12. fxe5 Nxe5 13. Nxe5 dxe5 14. Bg5 Nd7 15. Bxe7 Qxe7 16. Qh5 Nc5 17. Rf3 Rad8 18. Raf1 Rd6 19. Nd1 Bxe4 20. Bxe4 Nxe4 21. Ne3 g6 22. Qg4 Nd2 23. Nf5 Qe6 24. Nh6+ Kh8 25. Rxf7 Rxf7 26. Nxf7+ Kg7 27. Qxe6 Rxe6 28. Rd1 Nc4 29. Nd8 Rf6 30. b3 Nxa3 31. c3 Nc2 32. Kg1 b4 33. c4 Nd4 34. Nb7 Nxb3 35. c5 Rc6 36. Rd7+ Kh6 37. Rd5 a5 38. Rxe5 a4 39. g4 a3 40. h4 a2 41. Nd6 a1=Q+ 42. Kg2 Qxe5 0-1


[Site "https://www.chess.com"]

[Event "Titled Tuesday Blitz March 22 Early 2022"]
[White "Thomas, Anysia"]
[Black "Dev, Shah"]
[WhiteFideId "670472"]
[BlackFideId "35019058"]
[WhiteElo "2002"]
[BlackElo "2075"]
[Result "0-1"]
[Round "06"]
[TimeControl "180+1"]
[Date "2022.03.22"]
[WhiteClock "0:00:03"]
[BlackClock "0:01:56"]

1. d4 d5 2. c4 c6 3. Nf3 Nf6 4. e3 e6 5. b3 Bd6 6. Bb2 Qe7 7. Be2 Nbd7 8. Ne5 O-O 9. O-O Ne8 10. Nd2 f6 11. Nxd7 Bxd7 12. e4 dxe4 13. Nxe4 Bc7 14. Re1 b6 15. Rc1 f5 16. Nc3 Rd8 17. d5 Bc8 18. Bf3 cxd5 19. cxd5 a6 20. Qe2 e5 21. Na4 e4 22. Qc2 Qd6 23. g3 exf3 24. Qc3 Rd7 25. Nxb6 Qxb6 26. d6 Nxd6 27. Rcd1 Rdf7 28. Qe5 Ne4 0-1


[Site "https://www.chess.com"]

[Event "Titled Tuesday Blitz March 22 Early 2022"]
[White "Tristan, Leonardo"]
[Black "Pajeken, Jakob Leon"]
[WhiteFideId "113816"]
[BlackFideId "12942839"]
[WhiteElo "2404"]
[BlackElo "2351"]
[Result "0-1"]
[Round "06"]
[TimeControl "180+1"]
[Date "2022.03.22"]
[WhiteClock "0:00:01"]
[BlackClock "0:00:21"]

1. d4 d5 2. Nf3 Nf6 3. Bf4 e6 4. e3 Bd6 5. Bg3 O-O 6. c4 b6 7. cxd5 exd5 8. Nc3 Ba6 9. Bxa6 Nxa6 10. Rc1 Nb4 11. Bxd6 Qxd6 12. a3 Nc6 13. Nb5 Qd7 14. Qc2 Na5 15. Nxc7 Rac8 16. Ne5 Qd6 17. O-O Nd7 18. b4 Nc4 19. Nxc4 Qxc7 20. Ne5 Qxc2 21. Rxc2 Rxc2 22. Nxd7 Rfc8 23. Ne5 R8c3 24. a4 f6 25. Nd7 Rc8 26. g4 R2c7 27. Nc5 bxc5 28. bxc5 Rb7 29. Kg2 Rb4 30. Ra1 Rcb8 31. Kg3 Rc4 32. a5 Rbb4 33. a6 Kf7 34. Kf4 g5+ 35. Kf5 Rxd4 36. exd4 Rxd4 37. Ra4 Rxa4 38. f4 Rxf4# 0-1


[Site "https://www.chess.com"]

[Event "Titled Tuesday Blitz March 22 Early 2022"]
[White "Tsyhanchuk, Stanislav"]
[Black "Jannatul, Ferdous"]
[WhiteFideId "13505130"]
[BlackFideId "10212590"]
[WhiteElo "2078"]
[BlackElo "1707"]
[Result "1-0"]
[Round "06"]
[TimeControl "180+1"]
[Date "2022.03.22"]
[WhiteClock "0:01:25"]
[BlackClock "0:01:37"]

1. e4 c5 2. Nf3 Nc6 3. Bb5 d6 4. O-O Nf6 5. Re1 Bg4 6. c3 a6 7. Bxc6+ bxc6 8. h3 Bh5 9. d4 cxd4 10. cxd4 Qc7 11. Nc3 e6 12. d5 e5 13. Bg5 Be7 14. dxc6 Qxc6 15. Bxf6 Bxf6 16. Nd5 O-O 17. Rc1 Qd7 18. Nb6 Qe6 19. Nxa8 Rxa8 20. Qd5 Qxd5 21. exd5 Bxf3 22. gxf3 Rb8 23. Rc6 Be7 24. Rxa6 Rxb2 25. Ra8+ Bf8 26. Rc1 1-0


[Site "https://www.chess.com"]

[Event "Titled Tuesday Blitz March 22 Early 2022"]
[White "Van den Dikkenberg, Erik"]
[Black "Melikhov, Evgeny V."]
[WhiteFideId "1005880"]
[BlackFideId "4122046"]
[WhiteElo "2118"]
[BlackElo "1945"]
[Result "0-1"]
[Round "06"]
[TimeControl "180+1"]
[Date "2022.03.22"]
[WhiteClock "0:01:47"]
[BlackClock "0:02:13"]

1. e4 c5 2. Nc3 Nc6 3. f4 g6 4. Nf3 Bg7 5. Bc4 e6 6. O-O Nge7 7. d3 O-O 8. a4 d5 9. Ba2 d4 10. Ne2 e5 11. f5 gxf5 12. Bg5 f4 13. Qe1 Qd6 14. Qh4 Ng6 15. Qh5 Be6 16. Bxe6 Qxe6 17. c4 f5 18. exf5 Rxf5 19. Nh4 Nxh4 20. Qxh4 h6 21. Qh3 hxg5 22. Ng3 Raf8 23. Rae1 R5f6 0-1


[Site "https://www.chess.com"]

[Event "Titled Tuesday Blitz March 22 Early 2022"]
[White "Vlassov, Nikolai"]
[Black "Sailer, Mike"]
[WhiteFideId "4103360"]
[BlackFideId "2012901"]
[WhiteElo "2407"]
[BlackElo "2109"]
[Result "1-0"]
[Round "06"]
[TimeControl "180+1"]
[Date "2022.03.22"]
[WhiteClock "0:00:49"]
[BlackClock "0:00:29"]

1. e4 d5 2. exd5 Qxd5 3. Nc3 Qd6 4. Nf3 Nf6 5. d4 c6 6. g3 Bf5 7. Bf4 Qd8 8. Bg2 e6 9. O-O Be7 10. Ne5 Nbd7 11. g4 Bg6 12. h4 Nxe5 13. Bxe5 h6 14. f4 O-O 15. h5 Bh7 16. g5 hxg5 17. fxg5 Nd5 18. Nxd5 exd5 19. h6 Bxg5 20. hxg7 Re8 21. Qh5 f6 22. Rf3 Rxe5 23. dxe5 Kxg7 24. exf6+ Bxf6 25. Raf1 Bd4+ 26. Kh1 Bg6 27. Rf7+ Bxf7 28. Rxf7+ 1-0


[Site "https://www.chess.com"]

[Event "Titled Tuesday Blitz March 22 Early 2022"]
[White "Vokhidov, Shamsiddin"]
[Black "Urazayev, Arystanbek"]
[WhiteFideId "14204223"]
[BlackFideId "13709810"]
[WhiteElo "2611"]
[BlackElo "2393"]
[Result "1-0"]
[Round "06"]
[TimeControl "180+1"]
[Date "2022.03.22"]
[WhiteClock "0:00:18"]
[BlackClock "0:00:31"]

1. e4 c6 2. Nf3 d5 3. d3 Qc7 4. Nc3 dxe4 5. Nxe4 Nf6 6. Nxf6+ exf6 7. g3 Bd6 8. Bg2 O-O 9. O-O Bg4 10. h3 Bh5 11. c3 Nd7 12. d4 Rfe8 13. Re1 Bxf3 14. Rxe8+ Rxe8 15. Bxf3 Bxg3 16. fxg3 Qxg3+ 17. Kf1 Qxh3+ 18. Bg2 Qh4 19. Bd2 Nb6 20. b3 Nd5 21. Qf3 g6 22. Qf2 Qh5 23. c4 Nc7 24. Re1 Rxe1+ 25. Kxe1 Kg7 26. Bc3 Qg5 27. Kd1 Ne6 28. d5 cxd5 29. Bxd5 b6 30. Qf3 h5 31. Bxe6 fxe6 32. Qb7+ Kg8 33. Qc8+ Kh7 34. Qd7+ Kg8 35. Qxe6+ Kg7 36. Qe7+ Kg8 37. Qxf6 Qxf6 38. Bxf6 Kf7 39. Bd8 Ke6 40. Ke2 Kf5 41. Kf3 g5 42. b4 h4 43. Ke3 h3 44. Bc7 Ke6 45. Bg3 Kf5 46. Bh2 Ke6 47. Ke4 a6 48. a3 a5 49. bxa5 bxa5 50. a4 Kd7 51. Kd5 g4 52. c5 Kc8 53. c6 1-0


[Site "https://www.chess.com"]

[Event "Titled Tuesday Blitz March 22 Early 2022"]
[White "Vovk, Orest"]
[Black "Namitbir Singh Walia"]
[WhiteFideId "14113490"]
[BlackFideId "35071068"]
[WhiteElo "2203"]
[BlackElo "1565"]
[Result "0-1"]
[Round "06"]
[TimeControl "180+1"]
[Date "2022.03.22"]
[WhiteClock "0:01:12"]
[BlackClock "0:00:19"]

1. h4 d5 2. h5 c5 3. e4 dxe4 4. Nc3 Nf6 5. Rh4 Bf5 6. g4 Bc8 7. g5 Nd5 8. Nxe4 e5 9. Bc4 Nc6 10. Qf3 Be6 11. Ne2 Be7 12. h6 gxh6 13. Rxh6 Bxg5 14. Nxg5 Qxg5 15. d3 Qd8 16. Nc3 Nd4 17. Rxe6+ fxe6 18. Qh5+ Kd7 19. Qxe5 Nf3+ 20. Kf1 Nxe5 21. Bb5+ Kc8 22. Ne4 a6 23. Ba4 Nc6 24. Nxc5 Qf6 25. Ne4 Qf3 26. Bg5 Nd4 27. Rc1 Qh1# 0-1


[Site "https://www.chess.com"]

[Event "Titled Tuesday Blitz March 22 Early 2022"]
[White "Weetik, Vjacheslav"]
[Black "Ianov, Viktor"]
[WhiteFideId "4153472"]
[BlackFideId "14102730"]
[WhiteElo "2469"]
[BlackElo "2161"]
[Result "1-0"]
[Round "06"]
[TimeControl "180+1"]
[Date "2022.03.22"]
[WhiteClock "0:00:08"]
[BlackClock "0:00:18"]

1. e4 d6 2. d4 Nf6 3. Nc3 c6 4. h3 Nbd7 5. g4 h6 6. Nge2 e5 7. Bg2 Be7 8. O-O b5 9. Ng3 g6 10. Kh1 Bb7 11. f4 a6 12. Be3 exd4 13. Qxd4 c5 14. Qd3 Nb6 15. Rad1 b4 16. Nd5 Nbxd5 17. exd5 a5 18. Qd2 h5 19. g5 Nd7 20. f5 Ne5 21. f6 Bf8 22. Bf4 Kd7 23. Ne4 Qb6 24. Bxe5 dxe5 25. d6 Re8 26. Qe3 Bxe4 27. Qxe4 Bxd6 28. Rd3 Kc7 29. Rfd1 Rd8 30. h4 Rhe8 31. Qc4 Rf8 32. Be4 Kb8 33. c3 Ka7 34. cxb4 axb4 35. a3 Bc7 36. axb4 Qxb4 37. Ra1+ Ba5 38. Qxb4 cxb4 39. Rxa5+ Kb6 40. Rxd8 Rxd8 41. Rxe5 Rd1+ 42. Kg2 Rd2+ 43. Kf3 Rxb2 44. Bxg6 fxg6 45. f7 Rb1 46. Kf2 Rb2+ 47. Re2 1-0


[Site "https://www.chess.com"]

[Event "Titled Tuesday Blitz March 22 Early 2022"]
[White "Xu, Yi"]
[Black "Martinez Alcantara, Jose Eduardo"]
[WhiteFideId "8605564"]
[BlackFideId "3805662"]
[WhiteElo "2471"]
[BlackElo "2690"]
[Result "0-1"]
[Round "06"]
[TimeControl "180+1"]
[Date "2022.03.22"]
[WhiteClock "0:00:03"]
[BlackClock "0:00:05"]

1. e4 c5 2. Nf3 d6 3. d4 cxd4 4. Nxd4 Nf6 5. Nc3 Nc6 6. Bg5 e6 7. Qd2 a6 8. O-O-O Bd7 9. f4 Be7 10. Bxf6 Bxf6 11. Nf3 Be7 12. Kb1 Qc7 13. Bd3 O-O-O 14. Rhe1 Kb8 15. Nd5 exd5 16. exd5 Bf6 17. dxc6 Bxc6 18. Be4 d5 19. Bd3 Rhe8 20. g3 h6 21. c3 Rxe1 22. Rxe1 d4 23. Nxd4 Bxd4 24. cxd4 Rxd4 25. Qc3 Qd6 26. Bc2 f6 27. Kc1 Qd5 28. Bb3 Qd7 29. Rd1 Rxd1+ 30. Bxd1 Qd5 31. Qb3 Qc5+ 32. Qc2 Qd5 33. Qb3 Qc5+ 34. Qc2 Qa5 35. a3 Kc7 36. Qe2 Qc5+ 37. Kb1 a5 38. Bb3 Kb6 39. Qc2 Bf3 40. Qd2 Bc6 41. Qc2 Qd4 42. Ka2 g5 43. fxg5 fxg5 44. Qg6 a4 45. Bf7 Qd7 46. Bc4 Qd4 47. Bf7 Qf2 48. Bd5 Qxh2 49. Bxc6 bxc6 50. Qd6 Qe2 51. Qxh6 Qc4+ 52. Ka1 Qc1+ 53. Ka2 Qe3 54. Qd6 Qb3+ 55. Ka1 Qb5 56. Qd4+ Ka6 57. Qc3 Qd5 58. Kb1 c5 59. Ka1 Kb5 60. Kb1 Qe4+ 61. Ka2 Qd5+ 62. Kb1 c4 0-1


[Site "https://www.chess.com"]

[Event "Titled Tuesday Blitz March 22 Early 2022"]
[White "Zemerov, Vladimir"]
[Black "Vine, Elzbieta"]
[WhiteFideId "4111583"]
[BlackFideId "1119320"]
[WhiteElo "2277"]
[BlackElo "1827"]
[Result "1-0"]
[Round "06"]
[TimeControl "180+1"]
[Date "2022.03.22"]
[WhiteClock "0:02:11"]
[BlackClock "0:01:06"]

1. d4 d5 2. Nf3 Nf6 3. c4 c6 4. Nc3 Bg4 5. Ne5 Bf5 6. Bg5 h6 7. Bxf6 gxf6 8. Nf3 e6 9. e3 Nd7 10. Bd3 Bg4 11. h3 Bh5 12. g4 Bg6 13. Nh4 Rg8 14. Nxg6 fxg6 15. cxd5 exd5 16. Qc2 Kf7 17. O-O-O b5 18. h4 b4 19. Ne2 c5 20. dxc5 Nxc5 21. Kb1 Rc8 22. Nd4 Nxd3 23. Qxd3 a5 24. h5 g5 25. Nf5 Qc7 26. Qxd5+ Ke8 27. Qe6+ Be7 28. Qxg8+ 1-0


[Site "https://www.chess.com"]

[Event "Titled Tuesday Blitz March 22 Early 2022"]
[White "Zhigalko, Sergei"]
[Black "Ljukin, Sergei"]
[WhiteFideId "13502956"]
[BlackFideId "14102200"]
[WhiteElo "2662"]
[BlackElo "2312"]
[Result "1-0"]
[Round "06"]
[TimeControl "180+1"]
[Date "2022.03.22"]
[WhiteClock "0:00:04"]
[BlackClock "0:00:01"]

1. e4 e6 2. d4 d5 3. e5 c5 4. c3 Nc6 5. Nf3 Qb6 6. a3 f6 7. Bd3 c4 8. Bc2 fxe5 9. Nxe5 Nf6 10. O-O Bd6 11. Qe2 O-O 12. Nd2 Qc7 13. Ndf3 Bd7 14. Re1 Rae8 15. Bf4 Re7 16. h3 Be8 17. Bh2 Nd7 18. Rab1 Ndxe5 19. Nxe5 Nxe5 20. Bxe5 Bxe5 21. Qxe5 Qxe5 22. Rxe5 Bg6 23. Bxg6 hxg6 24. Rbe1 Rf6 25. Rxd5 Rf5 26. Rd6 Kf7 27. g4 Rb5 28. Re2 g5 29. Kg2 a5 30. Kg3 a4 31. h4 gxh4+ 32. Kxh4 g5+ 33. Kg3 Kf6 34. f3 Kf7 35. Kf2 Kf6 36. Ke1 Kf7 37. Kd1 Kf6 38. Kc2 Kf7 39. Re5 Rxe5 40. dxe5 Rc7 41. Rb6 Ke7 42. Kd2 Kd7 43. Ke3 Rc5 44. Ke4 Kc7 45. Rxe6 Rb5 46. Rg6 Rxb2 47. Rxg5 Rc2 48. Kd4 Ra2 49. Kxc4 Rxa3 50. Rg7+ Kc6 51. Rg6+ Kd7 52. f4 Ra1 53. f5 Rb1 54. Rg7+ Ke8 55. Rg8+ Kf7 56. Ra8 Rg1 57. e6+ 1-0


[Site "https://www.chess.com"]

[Event "Titled Tuesday Blitz March 22 Early 2022"]
[White "volunteers1998"]
[Black "Fiol, Fabrice"]
[BlackFideId "611670"]
[WhiteElo "2240"]
[BlackElo "2469"]
[Result "0-1"]
[Round "06"]
[TimeControl "180+1"]
[Date "2022.03.22"]
[WhiteClock "0:00:01"]
[BlackClock "0:00:22"]

1. e4 c5 2. Nf3 e6 3. d4 cxd4 4. Nxd4 a6 5. Nc3 b5 6. Be2 Bb7 7. a3 Qc7 8. Be3 Nf6 9. f3 d5 10. exd5 Bxd5 11. Nxd5 Nxd5 12. Bf2 Bd6 13. Qd2 O-O 14. g3 Nd7 15. O-O Ne5 16. Rfd1 Rfd8 17. Rac1 Rac8 18. c3 Nc4 19. Bxc4 Qxc4 20. Qe2 g6 21. Qxc4 Rxc4 22. Ne2 Be7 23. Rd2 Rdc8 24. Rcd1 h5 25. Kg2 a5 26. f4 b4 27. axb4 axb4 28. cxb4 Rxb4 29. Bd4 Rcc4 30. Kf3 Rb3+ 31. Rd3 Rb7 32. R1d2 g5 33. Be5 f6 34. Bd4 g4+ 35. Kg2 Kf7 36. Nc3 Nb4 37. Re3 Nc6 38. Ne2 Rcb4 39. Bc3 Rc4 40. Bd4 Nb4 41. Nc3 Rb8 42. Re1 Rd8 43. Red1 Nc6 44. Bf2 Rb8 45. Re2 Bb4 46. Be1 Nd4 47. Red2 Nf3 48. Rd7+ Be7 0-1


[Site "https://www.chess.com"]

[Event "Titled Tuesday Blitz March 22 Early 2022"]
[White "Akobian, Varuzhan"]
[Black "Orlov, Georgi"]
[WhiteFideId "13300580"]
[BlackFideId "2011271"]
[WhiteElo "2634"]
[BlackElo "2548"]
[Result "1-0"]
[Round "07"]
[TimeControl "180+1"]
[Date "2022.03.22"]
[WhiteClock "0:00:14"]
[BlackClock "0:00:03"]

1. d4 Nf6 2. c4 Nc6 3. Nc3 e5 4. d5 Ne7 5. e4 Ng6 6. g3 Bb4 7. Bg2 Bxc3+ 8. bxc3 d6 9. Ne2 Nd7 10. Be3 b6 11. h4 h5 12. O-O Nc5 13. Bxc5 bxc5 14. Nc1 Bg4 15. Bf3 Bxf3 16. Qxf3 Qd7 17. Kg2 Ne7 18. Nb3 Rh6 19. Nd2 Ng8 20. Rab1 Nf6 21. Rb7 Ng4 22. Qe2 Qa4 23. Rxc7 Qxa2 24. Rb1 Qc2 25. f3 Nf6 26. Rbb7 Rg6 27. Rxa7 Rxa7 28. Rxa7 Qxc3 29. Nf1 Kf8 30. Ra8+ Ke7 31. Ne3 Nd7 32. Ra7 Rf6 33. Nf5+ Rxf5 34. exf5 Qc1 35. Qa2 Qe3 36. Qc2 Qd4 37. f6+ Kxf6 38. Rxd7 e4 39. Qxe4 Qd2+ 40. Kh3 Qd1 41. Qf4+ Kg6 42. Qxf7+ Kh6 43. Qxg7# 1-0


[Site "https://www.chess.com"]